TOP OF THE 1ST |
Georgetown Hoyas batting - Pitching for Louisiana State Tigers : RHP Mark Cox
|
Pitching: RHP Mark Cox
|
|
Batting: RHB Bob Lee
|
0-0: Ball 1-0: Ball 2-0: Ball 3-0: Base on Balls
|
Batting: LHB José De La Cruz
|
0-0: Swinging Strike 0-1: Foul Ball, location: 2F 0-2: Strikes out looking
|
Batting: RHB Hubert MacDonald
|
0-0: Called Strike Bob Lee steals 2nd base 0-1: Ball Wild Pitch! Bob Lee to third 1-1: Called Strike 1-2: Ground out 5-3 (Groundball, 56S) Bob Lee scores
|
Batting: LHB Ken Bullard
|
0-0: Ball 1-0: Ball 2-0: Called Strike 2-1: Ball 3-1: Foul Ball, location: 2F 3-2: SINGLE (Line Drive, 7S)
|
Batting: RHB Glenn Rojas
|
0-0: Ball Ken Bullard steals 2nd base 1-0: Ball 2-0: Ground out 5-3 (Groundball, 56)
|
Top of the 1st over - 1 run(s), 1 hit(s), 0 error(s), 1 left on base; Georgetown 1 - Louisiana State 0 |
BOTTOM OF THE 1ST |
Louisiana State Tigers batting - Pitching for Georgetown Hoyas : RHP Mario López
|
Pitching: RHP Mario López
|
|
Batting: LHB Al Miller
|
0-0: Ball 1-0: Foul Ball, location: 2F 1-1: SINGLE (Line Drive, 7LS)
|
Batting: RHB José López
|
0-0: Ball 1-0: Foul Ball, location: 2F 1-1: SINGLE (Line Drive, 6D) Al Miller to second
|
Batting: SHB Arturo Sánchez
|
0-0: Ball 1-0: Ball 2-0: Ball 3-0: Base on Balls Al Miller to third José López to second
|
Batting: RHB John Howell
|
0-0: Called Strike 0-1: Ball 1-1: Ball 2-1: Called Strike 2-2: Foul Ball, location: 2F 2-2: Foul Ball, location: 2F 2-2: Foul Ball, location: 2F 2-2: Ball 3-2: Grounds into double play, 4-6-3 (Groundball, 4) Al Miller scores José López to third
|
Batting: LHB Glenn Williamson
|
0-0: SINGLE (Groundball, 34D) José López scores
|
Batting: RHB Artie Owen
|
0-0: Ball 1-0: Ground out 6-3 (Groundball, 6)
|
Bottom of the 1st over - 2 run(s), 3 hit(s), 0 error(s), 1 left on base; Georgetown 1 - Louisiana State 2 |
TOP OF THE 2ND |
Georgetown Hoyas batting - Pitching for Louisiana State Tigers : RHP Mark Cox
|
Batting: RHB Brian Harvey
|
0-0: Called Strike 0-1: Foul Ball, location: 2F 0-2: Strikes out swinging
|
Batting: LHB Chris Smith
|
0-0: Ball 1-0: Ground out 5-3 (Groundball, 56)
|
Batting: LHB Robinson Ordóñez
|
0-0: Foul Ball, location: 2F 0-1: Ball 1-1: Called Strike 1-2: Strikes out swinging
|
Top of the 2nd over - 0 run(s), 0 hit(s), 0 error(s), 0 left on base; Georgetown 1 - Louisiana State 2 |
BOTTOM OF THE 2ND |
Louisiana State Tigers batting - Pitching for Georgetown Hoyas : RHP Mario López
|
Batting: LHB Ronald Wallace
|
0-0: Ball 1-0: Called Strike 1-1: Ball 2-1: Ball 3-1: Foul Ball, location: 2F 3-2: Strikes out looking
|
Batting: RHB Ed Meyers
|
0-0: Called Strike 0-1: Swinging Strike 0-2: Strikes out looking
|
Batting: RHB Melvin Johnstone
|
0-0: Ball 1-0: Swinging Strike 1-1: Called Strike 1-2: Strikes out swinging
|
Bottom of the 2nd over - 0 run(s), 0 hit(s), 0 error(s), 0 left on base; Georgetown 1 - Louisiana State 2 |
TOP OF THE 3RD |
Georgetown Hoyas batting - Pitching for Louisiana State Tigers : RHP Mark Cox
|
Batting: LHB Preston Leach
|
0-0: Ball 1-0: Fly out, F8 (Flyball, 8RM)
|
Batting: RHB Bob Lee
|
0-0: Ball 1-0: Foul Ball, location: 2F 1-1: Ball 2-1: Foul Ball, location: 2F 2-2: Foul Ball, location: 2F 2-2: Ball 3-2: Foul Ball, location: 2F 3-2: Foul Ball, location: 2F 3-2: Base on Balls
|
Batting: LHB José De La Cruz
|
0-0: Grounds into double play, U6-3 (Groundball, 6)
|
Top of the 3rd over - 0 run(s), 0 hit(s), 0 error(s), 0 left on base; Georgetown 1 - Louisiana State 2 |
BOTTOM OF THE 3RD |
Louisiana State Tigers batting - Pitching for Georgetown Hoyas : RHP Mario López
|
Batting: LHB Al Miller
|
0-0: Swinging Strike 0-1: Ball 1-1: Called Strike 1-2: Strikes out swinging
|
Batting: RHB José López
|
0-0: Ball 1-0: Called Strike 1-1: Ball 2-1: Foul Ball, location: 2F 2-2: Foul Ball, location: 2F 2-2: Strikes out swinging
|
Batting: SHB Arturo Sánchez
|
0-0: Ball 1-0: Foul Ball, location: 2F 1-1: Foul Ball, location: 2F 1-2: Foul Ball, location: 2F 1-2: Ball 2-2: Ground out 6-3 (Groundball, 6)
|
Bottom of the 3rd over - 0 run(s), 0 hit(s), 0 error(s), 0 left on base; Georgetown 1 - Louisiana State 2 |
TOP OF THE 4TH |
Georgetown Hoyas batting - Pitching for Louisiana State Tigers : RHP Mark Cox
|
Batting: RHB Hubert MacDonald
|
0-0: Ball 1-0: Ground out 1-3 (Groundball, 34S)
|
Batting: LHB Ken Bullard
|
0-0: Ball 1-0: SINGLE (Line Drive, 9LS)
|
Batting: RHB Glenn Rojas
|
0-0: Swinging Strike 0-1: Ball 1-1: Swinging Strike 1-2: Strikes out looking
|
Batting: RHB Brian Harvey
|
0-0: Ball 1-0: Called Strike 1-1: Ball 2-1: Called Strike 2-2: Ball 3-2: Foul Ball, location: 2F 3-2: DOUBLE (Groundball, 5L) Ken Bullard to third Ken Bullard scores
|
Batting: LHB Chris Smith
|
0-0: Called Strike 0-1: Ball 1-1: Ball 2-1: Foul Ball, location: 2F 2-2: Ball 3-2: Base on Balls
|
Batting: LHB Robinson Ordóñez
|
0-0: Ball 1-0: Called Strike 1-1: Foul Ball, location: 2F 1-2: DOUBLE (Flyball, 9D) Brian Harvey scores Chris Smith to third
|
Batting: LHB Preston Leach
|
0-0: Ground out 4-3 (Groundball, 4)
|
Top of the 4th over - 2 run(s), 3 hit(s), 0 error(s), 2 left on base; Georgetown 3 - Louisiana State 2 |
BOTTOM OF THE 4TH |
Louisiana State Tigers batting - Pitching for Georgetown Hoyas : RHP Mario López
|
Batting: RHB John Howell
|
0-0: Ball 1-0: Foul Ball, location: 2F 1-1: Ball 2-1: Ground out 4-3 (Groundball, 4)
|
Batting: LHB Glenn Williamson
|
0-0: Ball 1-0: Swinging Strike 1-1: Foul Ball, location: 2F 1-2: Ball 2-2: Ball 3-2: Base on Balls
|
Batting: RHB Artie Owen
|
0-0: Swinging Strike 0-1: Called Strike 0-2: Ball 1-2: Foul Ball, location: 2F 1-2: Ball 2-2: Fly out, F3 (Popup, 3F)
|
Batting: LHB Ronald Wallace
|
0-0: Ball 1-0: Ball 2-0: Ball 3-0: Base on Balls Glenn Williamson to second
|
Batting: RHB Ed Meyers
|
0-0: Fly out, F4 (Popup, 3F)
|
Bottom of the 4th over - 0 run(s), 0 hit(s), 0 error(s), 2 left on base; Georgetown 3 - Louisiana State 2 |
TOP OF THE 5TH |
Georgetown Hoyas batting - Pitching for Louisiana State Tigers : RHP Mark Cox
|
Batting: RHB Bob Lee
|
0-0: Ground out 6-3 (Groundball, 6)
|
Batting: LHB José De La Cruz
|
0-0: Ball 1-0: Ball 2-0: Ball 3-0: Called Strike 3-1: Ground out U3 (Groundball, 3S)
|
Batting: RHB Hubert MacDonald
|
0-0: Called Strike 0-1: Swinging Strike 0-2: Ball 1-2: Ball 2-2: Ball 3-2: Base on Balls
|
Batting: LHB Ken Bullard
|
0-0: Foul Ball, location: 2F 0-1: Ball 1-1: Ball 2-1: Called Strike 2-2: Foul Ball, location: 2F 2-2: Ball 3-2: Strikes out swinging
|
Top of the 5th over - 0 run(s), 0 hit(s), 0 error(s), 1 left on base; Georgetown 3 - Louisiana State 2 |
BOTTOM OF THE 5TH |
Louisiana State Tigers batting - Pitching for Georgetown Hoyas : RHP Mario López
|
Batting: RHB Melvin Johnstone
|
0-0: Ball 1-0: Ball 2-0: Ball 3-0: Base on Balls
|
Batting: LHB Al Miller
|
0-0: Ball 1-0: Called Strike 1-1: Ball 2-1: Fielders Choice at 2nd, 5-4 (Groundball, 56)
|
Pitching: RHP Brandon Lee
|
|
Batting: RHB José López
|
0-0: Foul Ball, location: 2F 0-1: Ball 1-1: Foul Ball, location: 2F 1-2: Fly out, F8 (Flyball, 8RM)
|
Batting: SHB Arturo Sánchez
|
0-0: Ball 1-0: Foul Ball, location: 2F 1-1: Ball 2-1: Called Strike 2-2: Ball 3-2: Base on Balls Al Miller to second
|
Batting: RHB John Howell
|
0-0: Called Strike 0-1: Ball 1-1: Ball 2-1: Swinging Strike 2-2: Ball 3-2: Base on Balls Al Miller to third Arturo Sánchez to second
|
Batting: LHB Glenn Williamson
|
0-0: Swinging Strike 0-1: Fly out, F9 (Popup, 89S)
|
Bottom of the 5th over - 0 run(s), 0 hit(s), 0 error(s), 3 left on base; Georgetown 3 - Louisiana State 2 |
TOP OF THE 6TH |
Georgetown Hoyas batting - Pitching for Louisiana State Tigers : RHP Mark Cox
|
Pitching: RHP Chris Miller
|
|
Batting: RHB Glenn Rojas
|
0-0: Ball 1-0: Fly out, F4 (Popup, 34D)
|
Batting: RHB Brian Harvey
|
0-0: Called Strike 0-1: Foul Ball, location: 2F 0-2: Ball 1-2: DOUBLE (Flyball, 78D)
|
Batting: LHB Chris Smith
|
0-0: Ball 1-0: Ball 2-0: Fly out, F7 (Flyball, 7M)
|
Batting: LHB Robinson Ordóñez
|
0-0: SINGLE (Groundball, 6MD) Brian Harvey to third
|
Batting: LHB Preston Leach
|
0-0: Called Strike 0-1: SINGLE (Groundball, 4MS) Brian Harvey scores Robinson Ordóñez to second
|
Batting: RHB Bob Lee
|
0-0: Ball 1-0: Fly out, F6 (Popup, 6)
|
Top of the 6th over - 1 run(s), 3 hit(s), 0 error(s), 2 left on base; Georgetown 4 - Louisiana State 2 |
BOTTOM OF THE 6TH |
Louisiana State Tigers batting - Pitching for Georgetown Hoyas : RHP Brandon Lee
|
Batting: RHB Artie Owen
|
0-0: Called Strike 0-1: SINGLE (Line Drive, 56D)
|
Batting: LHB Ronald Wallace
|
0-0: Ball 1-0: Fly out, F7 (Flyball, 7M)
|
Batting: RHB Ed Meyers
|
0-0: Called Strike 0-1: Swinging Strike 0-2: Ball 1-2: Fielders Choice at 2nd, 6-4 (Groundball, 6)
|
Batting: RHB Melvin Johnstone
|
0-0: Fly out, F9 (Flyball, 9LS)
|
Bottom of the 6th over - 0 run(s), 1 hit(s), 0 error(s), 1 left on base; Georgetown 4 - Louisiana State 2 |
TOP OF THE 7TH |
Georgetown Hoyas batting - Pitching for Louisiana State Tigers : RHP Chris Miller
|
Batting: LHB José De La Cruz
|
0-0: Ball 1-0: Ball 2-0: Ball 3-0: Base on Balls
|
Batting: RHB Hubert MacDonald
|
0-0: Ball 1-0: Ball 2-0: Ball
|
BOTTOM OF THE 7TH |
Louisiana State Tigers batting - Pitching for Georgetown Hoyas : RHP Brandon Lee
|
Pitching: RHP Don Jones
|
|
Batting: LHB Al Miller
|
0-0: Ball 1-0: Foul Ball, location: 2F 1-1: Foul Ball, location: 2F 1-2: Foul Ball, location: 2F 1-2: Foul Ball, location: 2F 1-2: Fly out, F7 (Flyball, 7M)
|
Batting: RHB José López
|
0-0: Called Strike 0-1: Foul Ball, location: 2F 0-2: Ball 1-2: Ball 2-2: Strikes out swinging
|
Batting: SHB Arturo Sánchez
|
0-0: Ball 1-0: Foul Ball, location: 2F 1-1: Ball 2-1: Called Strike 2-2: Ground out 4-3 (Groundball, 4)
|
Bottom of the 7th over - 0 run(s), 0 hit(s), 0 error(s), 0 left on base; Georgetown 5 - Louisiana State 2 |
TOP OF THE 8TH |
Georgetown Hoyas batting - Pitching for Louisiana State Tigers : RHP Víctor Vega
|
Batting: LHB Preston Leach
|
0-0: Ball 1-0: Foul Ball, location: 2F 1-1: SINGLE (Line Drive, 89S)
|
Batting: RHB Bob Lee
|
0-0: Ball 1-0: Bunted foul 1-1: Sac Bunt - play at second, runner OUT! 1-6
|
Batting: LHB José De La Cruz
|
0-0: Ball 1-0: Called Strike Bob Lee steals 2nd base 1-1: Called Strike 1-2: Fly out, F8 (Flyball, 8LM)
|
Batting: RHB Hubert MacDonald
|
0-0: Ball 1-0: Ball 2-0: Called Strike 2-1: Swinging Strike 2-2: Strikes out swinging
|
Top of the 8th over - 0 run(s), 1 hit(s), 0 error(s), 1 left on base; Georgetown 5 - Louisiana State 2 |
BOTTOM OF THE 8TH |
Louisiana State Tigers batting - Pitching for Georgetown Hoyas : RHP Don Jones
|
Batting: RHB John Howell
|
0-0: Ball 1-0: Called Strike 1-1: Ball 2-1: Ball 3-1: Foul Ball, location: 2F 3-2: Foul Ball, location: 2F 3-2: SINGLE (Groundball, 5D)
|
Batting: LHB Glenn Williamson
|
0-0: Ball 1-0: Swinging Strike 1-1: Fly out, F8 (Flyball, 8RM)
|
Batting: RHB Artie Owen
|
0-0: Called Strike 0-1: Ground out U3 (Groundball, 3S) John Howell to second
|
Batting: LHB Ronald Wallace
|
0-0: Ball 1-0: Swinging Strike 1-1: Ball 2-1: Foul Ball, location: 2F 2-2: Ball 3-2: Base on Balls
|
Batting: RHB Ed Meyers
|
0-0: Ball Balk! John Howell to third Ronald Wallace to second 1-0: Ground out 4-3 (Groundball, 34)
|
Bottom of the 8th over - 0 run(s), 1 hit(s), 0 error(s), 2 left on base; Georgetown 5 - Louisiana State 2 |
TOP OF THE 9TH |
Georgetown Hoyas batting - Pitching for Louisiana State Tigers : RHP Víctor Vega
|
Pitching: RHP Steve Henry
|
|
Batting: LHB Ken Bullard
|
0-0: Foul Ball, location: 2F 0-1: Ground out 4-3 (Groundball, 4)
|
Batting: RHB Glenn Rojas
|
0-0: Ball 1-0: Swinging Strike 1-1: Foul Ball, location: 2F 1-2: Ball 2-2: Strikes out swinging
|
Batting: RHB Brian Harvey
|
0-0: Ball 1-0: Called Strike 1-1: Ball 2-1: SINGLE (Line Drive, 56D)
|
Batting: LHB Chris Smith
|
0-0: Called Strike 0-1: Ball 1-1: Ball 2-1: Ball 3-1: Foul Ball, location: 2F 3-2: Strikes out swinging
|
Top of the 9th over - 0 run(s), 1 hit(s), 0 error(s), 1 left on base; Georgetown 5 - Louisiana State 2 |
BOTTOM OF THE 9TH |
Louisiana State Tigers batting - Pitching for Georgetown Hoyas : RHP Don Jones
|
Pitching: LHP Joseph Elliott
|
|
Batting: RHB Melvin Johnstone
|
0-0: Ball 1-0: Ball 2-0: Ball 3-0: Called Strike 3-1: Base on Balls
|
Batting: LHB Al Miller
|
0-0: Ball 1-0: Ball 2-0: Called Strike 2-1: Ball 3-1: SINGLE (Line Drive, 8LS) Melvin Johnstone to second Runner from 2nd tries for 3rd, SAFE, no throw or cutoff
|
Batting: RHB José López
|
0-0: Swinging Strike 0-1: Ball 1-1: Foul Ball, location: 2F 1-2: Strikes out swinging
|
Batting: SHB Arturo Sánchez
|
0-0: Ball 1-0: Ball 2-0: Swinging Strike 2-1: Ball 3-1: Called Strike 3-2: Base on Balls Al Miller to second
|
Batting: RHB John Howell
|
0-0: Ball 1-0: Called Strike 1-1: Ground out 5-3 (Groundball, 5S) Melvin Johnstone scores Al Miller to third Arturo Sánchez to second
|
Batting: LHB Glenn Williamson
|
0-0: Called Strike 0-1: Foul Ball, location: 2F 0-2: Ball 1-2: Fly out, F7 (Flyball, 7S)
|
Bottom of the 9th over - 1 run(s), 1 hit(s), 0 error(s), 2 left on base; Georgetown 5 - Louisiana State 3 |
|
Monday, December 5th, 2016 - OOTP Baseball 17.12 Build 75
|
|